 Dungeon Crawl Stone Soup version 0.21.0-30-g47ce8e4 (webtiles) character file.

173 Zhenya24pyc the Cudgeler (level 5, -3/34 HPs)
             Began as a Gargoyle Fighter on Jan 17, 2018.
             Killed from afar by a dart slug (5 damage)
             ... with a slug dart
             ... on level 3 of the Dungeon on Jan 28, 2018.
             The game lasted 00:05:19 (1378 turns).

Zhenya24pyc the Cudgeler (Gargoyle Fighter)         Turns: 1378, Time: 00:05:21

Health: -3/34      AC: 14    Str: 20    XL:     5   Next: 53%
Magic:  5/5        EV:  7    Int:  9    God:
Gold:   98         SH:  9    Dex:  9    Spells: 4/4 levels left

rFire    . . .     SeeInvis .   a - +0 flail
rCold    . . .     Gourm    .   c - +0 shield
rNeg     + . .     Faith    .   b - +0 scale mail
rPois    ∞         Spirit   .   r - +0 helmet
rElec    +         Reflect  .   m - +0 cloak
rCorr    .         Harm     .   i - +0 pair of gloves
MR       .....                  (no boots)
Stlth    ..........             (no amulet)
HPRegen  0.11/turn              e - ring of wizardry
MPRegen  0.09/turn              o - ring of loudness (curse)

@: no status effects
A: negative energy resistance 1, electricity resistance, unbreathing,
petrification resistance, rot immunity, AC +4
a: no special abilities


You were on level 3 of the Dungeon.
You were not hungry.

You visited 1 branch of the dungeon, and saw 3 of its levels.

You collected 98 gold pieces.

Inventory:

Hand Weapons
 a - a +0 flail (weapon)
Armour
 b - a +0 scale mail (worn)
 c - a +0 shield (worn)
 i - a +0 pair of gloves (worn)
 m - a +0 cloak (worn)
 r - a +0 helmet (worn)
Jewellery
 e - a ring of wizardry (left hand)
 o - a cursed ring of loudness (right hand)
Scrolls
 h - 2 scrolls of teleportation {unknown}
 k - a scroll of enchant armour {unknown}
 l - 3 scrolls of remove curse {unknown}
 n - 3 scrolls of identify {unknown}
 q - a scroll of fog {unknown}
 s - a scroll of random uselessness {unknown}
Potions
 d - a potion of might
 j - a potion of cancellation {unknown}
 p - a potion of resistance {unknown}
 t - a potion of haste
Comestibles
 f - 5 rations
 g - 9 chunks of flesh


   Skills:
 + Level 4.6 Fighting
 * Level 4.7 Maces & Flails
 - Level 3.2 Armour
 - Level 3.2 Shields


You had 4 spell levels left.
You didn't know any spells.

Dungeon Overview and Level Annotations

Branches:
Dungeon (3/15)

Altars:
Elyvilon
Yredelemnul


Innate Abilities, Weirdness & Mutations

You are resistant to torment.
Your stone body is resilient. (AC +4)
You are immune to poison.
You resist negative energy. (rN+)
You are resistant to electric shocks. (rElec)
You can survive without breathing.
You are immune to petrification.
You are immune to rotting.


Message History

Your shield prevents you from hitting the adder.
The adder is severely wounded.
The adder bites you but does no damage. The rat bites you but does no damage.
The adder bites you but does no damage. You block the orc's attack.
You hit the adder.
You kill the adder!
The bat hits you but does no damage. The rat barely misses you.
The orc closely misses you. You block the rat's attack.
Unknown command.
You barely miss the bat. The bat hits you but does no damage.
You block the bat's attack. The orc hits you but does no damage.
You block the rat's attack. The bat completely misses you.
You sock the bat!
You kill the bat!
The orc hits you from afar with a trident.
* * * LOW HITPOINT WARNING * * *
You block the rat's attack. The dart slug launches a dart at you.
The slug dart hits you!
You die...

.....###........#. ...
.....#............ ##..#
#.....))##.....##
##....##..#)......###..#
##.......#...##)<..####..
.##..............##....###.
...........##........##..#..
..........r.#..##.#.....)#..
..........#@#.....#........#
..........#†##.#....##......
..........ow##.#.#..####.##.
.............#.#.........###
...........#.#.###.....### #
.......†..##...# >...## #
.........###..## ....# #
......#### #..# .... ......
#..#


You could see a dart slug, an orc and a rat.

Vanquished Creatures
  A howler monkey (D:3)
  An orc wizard (D:3)
  4 adders
  2 oozes
  A worm (D:3)
  A dart slug (D:3)
  3 leopard geckos
  5 orcs (D:3)
  2 ball pythons (D:2)
  3 giant cockroaches (D:1)
  5 goblins (D:1)
  2 hobgoblins
  4 jackals (D:3)
  3 kobolds (D:1)
  3 bats
  10 frilled lizards (D:1)
  4 rats
  A toadstool (D:1)
55 creatures vanquished.

Vanquished Creatures (others)
  3 toadstools (D:1)
3 creatures vanquished.

Grand Total: 58 creatures vanquished

Notes
Turn   | Place    | Note
-------+----------+-------------------------------------------
     0 | D:1      | Zhenya24pyc the Gargoyle Fighter began the quest for the Orb.
     0 | D:1      | Reached XP level 1. HP: 14/14 MP: 1/1
    53 | D:1      | Upgraded the game from 0.21.0-3-g78d12a8 to 0.21.0-25-ge575cb9
    59 | D:1      | Upgraded the game from 0.21.0-25-ge575cb9 to 0.21.0-30-g47ce8e4
   176 | D:1      | Reached XP level 2. HP: 15/19 MP: 2/2
   580 | D:1      | Reached XP level 3. HP: 22/24 MP: 3/3
   705 | D:2      | Found a basalt altar of Yredelemnul.
   909 | D:2      | Found a white marble altar of Elyvilon.
  1223 | D:3      | Reached XP level 4. HP: 19/29 MP: 4/4
  1316 | D:3      | Reached XP level 5. HP: 19/34 MP: 5/5
  1378 | D:3      | Killed from afar by a dart slug

Skill      XL: |  1  2  3  4 |
---------------+-------------+-----
Maces & Flails | 3 4 |  4.7
Fighting       | 4 |  4.6
Armour         | |  3.2
Shields        | |  3.2

Action                   |  1- 3 |  4- 6 || total
-------------------------+-------+-------++-------
Melee: Flail             |   140 |    85 ||   225
  Eat: Chunk             |     1 |     1 ||     2
Armor: Scale mail        |    99 |    92 ||   191
Dodge: Dodged            |    59 |    56 ||   115
Block: Shield            |    82 |    76 ||   158
